[Event "German Bundesliga 2022-23"]
[Site "Germany"]
[Date "2002.01.09"]
[Round "4"]
[White "Moiseenko, Alexander"]
[Black "Delchev, Aleksander"]
[Result "1-0"]
[ECO "D25"]
[WhiteElo "2582"]
[BlackElo "2497"]
[Annotator "TA"]
[PlyCount "231"]
[EventDate "2022.10.21"]
[EventType "team-tourn"]
[EventCountry "GER"]
[SourceTitle "playchess.com"]
[Source "ChessBase"]
[SourceQuality "1"]
[TimeControl "40/6000+30:3000+30"]

1. d4 d5 2. c4 dxc4 3. Nf3 Nf6 4. e3 Bg4 5. Bxc4 e6 6. h3 Bh5 7. Nc3 c5 8. g4 Bg6 9. h4 cxd4 10. exd4 Bb4 11. h5 Be4 12. g5 Nd5 13. Bd2 Bxc3 14. bxc3 Nb6 15. Be2 Nc6 16. Rh4 Bd5 17. h6 g6 18. Nh2 f5 19. gxf6 Qxf6 20. Rh3 O-O 21. Ng4 Qf5 22. Bd3 Be4 23. Bxe4 Qxe4+ 24. Qe2 Qxe2+ 25. Kxe2 Nd5 26. Rb1 b6 27. Kd3 Rf5 28. Re1 Kf7 29. Rg3 Rd8 30. a4 Nf6 31. Nxf6 Kxf6 32. f4 Rh5 33. Rge3 Rd6 34. Bc1 Na5 35. c4 Rh2 36. Ba3 Rc6 37. d5 Rxc4 38. Rxe6+ Kf5 39. R6e5+ Kg4 40. Rg5+ Kxf4 41. Bd6+ Kxg5 42. Bxh2 Rxa4 43. d6 Nb7 44. Re7 Nc5+ 45. Kc3 Kxh6 46. Bg1 g5 47. Bxc5 bxc5 48. Re2 Ra3+ 49. Kc4 Ra4+ 50. Kxc5 Ra1 51. Re4 $1 Rc1+ {[%emt 0:03:25] [#]} 52. Kd5 $2 (52. Rc4 $1 Rf1 53. d7 Rf8 54. Kd6 Kh5 55. Rc8 Rf2 56. d8=Q Rd2+ 57. Ke5 Rxd8 58. Rxd8) 52... Rc8 $1 $11 (52... Rd1+ $2 53. Rd4 Rf1 54. d7 $18) 53. d7 Rd8 54. Kd6 Kg6 55. Re8 Rxd7+ $1 56. Kxd7 Kf5 $1 57. Kd6 h5 58. Kd5 Kf4 59. Kd4 h4 60. Re4+ Kf3 61. Re3+ Kf2 62. Ke4 g4 $2 {[%emt 0:00:50][%mdl 8192] [#]} (62... a5 $11) 63. Ra3 $2 (63. Rd3 $1 {mates} g3 64. Rd2+ Ke1 65. Ke3 h3 66. Ra2 Kd1 67. Kf3 g2 68. Kf2 (68. Rxa7 g1=N+ 69. Kf2 h2 $14)) 63... h3 $11 64. Kf4 $1 h2 65. Ra2+ Kg1 66. Kg3 $1 h1=N+ 67. Kxg4 Nf2+ 68. Kf3 Nd3 69. Ke3 Ne5 70. Rxa7 Ng4+ 71. Kf4 Nh2 72. Ra1+ Kg2 (72... Nf1 {gets mated.} 73. Kf3 Kh1 74. Rxf1+ Kh2 75. Ra1 Kh3 76. Rh1#) 73. Ra2+ Kg1 74. Kg3 Nf1+ 75. Kh3 Ne3 76. Re2 Nf1 77. Rg2+ Kh1 78. Rg8 Nd2 $1 79. Kg3 $1 Kg1 $1 80. Rf8 Nf1+ 81. Kf3 (81. Rxf1+ {simplifies} Kxf1 82. Kf4 Kg1 83. Kf5) 81... Nh2+ 82. Ke2 $1 Kg2 $1 83. Rg8+ Kh3 $1 (83... Kh1 {leads to mate.} 84. Kf2) 84. Kf2 Ng4+ 85. Kf3 Ne5+ 86. Kf4 Nd3+ 87. Ke4 Ne1 88. Rg1 Ng2 $1 89. Kf3 Nh4+ 90. Kf2 Nf5 91. Rg5 Nh4 92. Rg3+ $1 Kh2 93. Ra3 Nf5 94. Kf3 Nh4+ $1 95. Kg4 Ng2 $1 96. Rh3+ Kg1 97. Kf3 Ne1+ 98. Ke2 Ng2 $1 99. Rh8 Nf4+ 100. Kf3 Nd3 101. Rf8 Ne1+ 102. Ke2 Ng2 $1 103. Rf3 Kh2 104. Kf2 Nh4 105. Ra3 Ng2 106. Kf3 Ne1+ 107. Kg4 Kg2 108. Ra2+ $1 Kf1 109. Rd2 Kg1 (109... Ng2 {simplifies} 110. Rxg2 Kxg2 111. Kg5 Kf2) 110. Kf4 Kf1 111. Ke3 Ng2+ $1 112. Kf3 Ne1+ 113. Kg3 Kg1 114. Rf2 Nd3 115. Rf7 Ne1 116. Rf8 1-0

[Event "German Bundesliga 2022-23"]
[Site "Germany"]
[Date "2002.01.09"]
[Round "4"]
[White "Martinovic, Sasa"]
[Black "L'Ami, Erwin"]
[Result "0-1"]
[ECO "D35"]
[WhiteElo "2557"]
[BlackElo "2621"]
[Annotator "TA"]
[PlyCount "96"]
[EventDate "2022.10.21"]
[EventType "team-tourn"]
[EventCountry "GER"]
[SourceTitle "playchess.com"]
[Source "ChessBase"]
[SourceQuality "1"]
[TimeControl "40/6000+30:3000+30"]

1. d4 Nf6 2. c4 e6 3. Nc3 d5 4. cxd5 exd5 5. Bg5 c6 6. e3 Bf5 7. Qf3 Bg6 8. Bxf6 Qxf6 9. Qxf6 gxf6 10. Nf3 Nd7 {[%emt 0:06:00] D35: Queen's Gambit Declined: Exchange Variation.} 11. Nh4 Be7 {[%emt 0:02:30] [#]} 12. Ne2 $146 ({Predecessor:} 12. g3 Nb6 13. O-O-O Nc8 14. Bd3 Nd6 15. f3 Bxd3 16. Rxd3 f5 17. Ng2 Bg5 18. Kc2 {½-½ (18) Yermolinsky,A (2625)-Azmaiparashvili,Z (2655) Elista 1998}) 12... f5 {[%emt 0:00:30] White has an edge.} 13. g3 Bxh4 14. gxh4 Nf6 15. Nf4 Nh5 16. Bd3 Nxf4 17. exf4 Kd7 18. Kd2 Rhe8 19. Rac1 a5 20. Rc3 Kd6 21. a3 Bh5 22. Rg1 h6 23. Rcc1 (23. Bxf5 $2 {loses.} Re2+ 24. Kc1 Rxf2 $19) 23... Re6 24. Rce1 Rxe1 25. Kxe1 $11 {[%emt 0:00:30][%mdl 4096] Endgame KRB-KRB} b6 26. Kd2 Re8 27. Re1 {[%emt 0:15:30] Against c5} Rxe1 28. Kxe1 {[%emt 0:00:30] KB-KB} c5 29. Bxf5 (29. Bb5 $11 {keeps the balance.}) 29... cxd4 $17 30. Kd2 Kc5 {[%emt 0:01:30] Inhibits b4+.} 31. b3 Bf3 32. Bd3 Be4 (32... b5 $17) 33. Be2 $1 $11 b5 34. Bh5 $1 f6 (34... b4 $5 35. a4 $8 f6 $11) 35. Be8 $2 {[%emt 0:02:51][%mdl 8192] This move loses the game for White.} (35. Be2 $11 {and White is okay.}) 35... Bb1 $1 $19 36. Kc1 {[%emt 0:00:18] [#] Inhibits b4.} Bf5 37. Kd2 b4 38. a4 {[%emt 0:01:03] [#]} d3 $1 39. Bb5 $2 (39. h5 Bg4 40. Bf7) 39... Kd4 {[%emt 0:01:30] Black is clearly winning.} 40. Ba6 Bg4 41. Bb5 Ke4 42. Bxd3+ Kxf4 43. Bf1 Bf5 {[%emt 0:02:30] ...Kf3 is the strong threat.} 44. Be2 d4 {[%emt 0:00:30][%cal Bd5d4,Bd4d3][%mdl 32] Strongly threatening ...Be4.} 45. Bd1 d3 46. Bh5 Be6 47. Bd1 Ke4 48. Kc1 Ke5 {[%emt 0:00:30] Weighted Error Value: White=0.69/Black=0.06 (flawless)} 0-1

[Event "German Bundesliga 2022-23"]
[Site "Germany"]
[Date "2002.01.09"]
[Round "4"]
[White "Handke, Florian"]
[Black "Yankelevich, Lev"]
[Result "1-0"]
[ECO "C84"]
[WhiteElo "2536"]
[BlackElo "2481"]
[Annotator "TA"]
[PlyCount "137"]
[EventDate "2022.10.21"]
[EventType "team-tourn"]
[EventCountry "GER"]
[SourceTitle "playchess.com"]
[Source "ChessBase"]
[SourceQuality "1"]
[TimeControl "40/6000+30:3000+30"]

1. e4 e5 2. Nf3 Nc6 3. Bb5 a6 4. Ba4 Nf6 5. O-O Be7 6. d3 b5 7. Bb3 d6 8. a4 Bd7 9. Bd2 {[%emt 0:00:00] C84: Closed Ruy Lopez: Unusual White 6th moves.} O-O {[%emt 0:07:30] [#]} 10. h3 $146 ({Predecessor:} 10. Na3 Bg4 11. c3 b4 12. Nc4 Rb8 13. Rb1 h6 14. h3 Be6 15. Re1 Re8 16. a5 bxc3 17. bxc3 {1-0 (37) Saltaev,M (2530)-Iuldachev,S (2495) Ashkhabad 1996}) 10... b4 11. c3 {[%emt 0:02:30] The position is equal.} Rb8 12. a5 bxc3 13. bxc3 Rb5 (13... Qc8 $11) 14. Na3 $14 Rxa5 15. c4 Rc5 16. Nc2 Qb8 (16... Nh5 $14) 17. Ba4 $16 Qc8 18. Nb4 Nd4 (18... Nxb4 $16 19. Bxb4 Bxa4 20. Qxa4 Nd7) 19. Bxd7 $18 Qxd7 20. Rxa6 (20. Nxa6 $6 Rc6 $16) 20... Nc6 21. Nd5 Bd8 22. Qa4 {[%emt 0:02:30] Threatens to win with Rb1.} Nb8 {[%emt 0:00:07] [#]} 23. Be3 Rxd5 $16 24. cxd5 {[%emt 0:00:30] Strongly threatening Ra8.} Nxa6 25. Qxa6 Nh5 26. Rb1 f5 27. Rb8 Nf6 28. Qc4 h6 {[%emt 0:00:25] Inhibits Ng5.} 29. Rb7 (29. Nh4 $5 ) 29... g5 30. Bb6 (30. Nd2 $14) 30... Ne8 (30... Qc8 $11 31. Qc6 fxe4 32. dxe4 Nxe4) 31. exf5 Qxf5 32. Rb8 Qd7 33. Ba5 Kg7 34. Nd2 {[%emt 0:05:42] White has more active pieces.} h5 {[%emt 0:00:21] White leaves nothing to chance now.} (34... Nf6 $14) 35. Qc6 ({White should try} 35. Ne4 $16) 35... Qxc6 36. dxc6 Nf6 37. Ne4 Nd5 {[%emt 0:01:01] [#]} 38. Nxd6 $1 Ne7 {[%emt 0:00:09] [#]} (38... Be7 39. Rxf8) 39. Rb7 $1 cxd6 (39... Nd5 $16 40. Nb5 Rf7) (39... Nxc6 40. Bxc7) 40. Bxd8 $18 {[%emt 0:02:05][%mdl 64] Remove Defender} Rxd8 41. Rxe7+ $16 {[%emt 0:00:04][%mdl 4096] Endgame KR-KR} Kf6 42. Rh7 Rc8 $2 (42... h4 {keeps fighting.} 43. c7 Rc8) 43. Rh6+ $18 (43. Rxh5 Kg6 44. g4 Rxc6 $14) 43... Ke7 44. Rxh5 Rxc6 45. Rxg5 Rc1+ 46. Kh2 Rc3 47. Rg3 d5 48. h4 d4 49. h5 {[%emt 0:01:30] aiming for h6.} e4 50. dxe4 d3 51. h6 {[%emt 0:00:30] Intending h7 and mate.} d2 52. h7 {[%emt 0:00:30] White threatens Rg7+ and mate.} (52. Rxc3 d1=Q $11) 52... Rxg3 53. Kxg3 {[%emt 0:01:30] White mates.} (53. h8=R $2 {perishes.} Rd3 54. f3 d1=Q $19) 53... d1=Q 54. h8=Q {[%emt 0:00:00] KQ-KQ} ({Stronger than} 54. h8=R Kf6 $11) 54... Qd6+ 55. e5 Qg6+ 56. Kh2 Qe4 57. Qf6+ Ke8 58. f3 Qe1 59. g4 ({And not} 59. e6 Qg3+ 60. Kg1 Qe1+ 61. Kh2 Qg3+ 62. Kg1 Qe1+ 63. Kh2 $11) 59... Qf2+ 60. Kh3 Qe1 61. g5 Qh1+ 62. Kg4 Qg2+ 63. Kh5 Qh3+ 64. Kg6 Qh1 65. Qf7+ Kd8 66. e6 Qb1+ 67. Kg7 Kc8 68. e7 Qb2+ 69. Kg8 {[%emt 0:00:00] Weighted Error Value: White=0.14 (very precise) /Black=0.44} 1-0

[Event "German Bundesliga 2022-23"]
[Site "Germany"]
[Date "2002.01.09"]
[Round "4"]
[White "Horvath, Dominik"]
[Black "Van Wely, Loek"]
[Result "0-1"]
[ECO "A34"]
[WhiteElo "2501"]
[BlackElo "2637"]
[Annotator "TA"]
[PlyCount "68"]
[EventDate "2022.10.21"]
[EventType "team-tourn"]
[EventCountry "GER"]
[SourceTitle "playchess.com"]
[Source "ChessBase"]
[SourceQuality "1"]
[TimeControl "40/6000+30:3000+30"]

1. Nf3 Nf6 2. c4 c5 3. Nc3 e6 4. e4 Nc6 5. Be2 b6 6. O-O {[%emt 0:00:30] A34: Symmetrical English: 2 Nc3, lines with ...d5.} Bb7 7. d4 cxd4 8. Nxd4 {[%emt 0:00:00] White has an edge.} Qb8 9. Nxc6 Bxc6 {[%emt 0:03:30] [#]} 10. Qd3 $146 ({Predecessor:} 10. Bd3 Bc5 11. Kh1 O-O 12. Qe2 d6 13. Bg5 Nd7 14. Rac1 a6 15. a3 Re8 16. b4 {0-1 (44) Brunner,L (2500)-Christiansen,L (2555) Switzerland 1996}) 10... Bc5 11. Be3 O-O 12. f4 (12. Rad1 $14) 12... e5 $11 13. Bxc5 bxc5 14. f5 Qxb2 15. g4 (15. Rab1 $5 Qa3 $8 16. Rb3 $15) 15... h6 16. h4 (16. Rab1 $5 Qa3 $8 17. Rb3 $15) 16... Nh7 {[%emt 0:00:43] Prevents g5.} 17. g5 hxg5 18. hxg5 (18. Rab1 $5 Qa3 $8 19. hxg5 $11) 18... Nxg5 {[%emt 0:03:32] And now ...Rab8 would win.} 19. f6 gxf6 {[%emt 0:00:04] Hoping for ...Kg7.} 20. Rab1 Qa3 {[%emt 0:00:03] Strongly threatening ...Kg7.} 21. Rxf6 Kg7 22. Rbf1 (22. Rf5 $5 f6 23. Qg3 $16) 22... Rg8 $1 23. R6f5 $2 (23. Bg4 $11 {and White is okay.}) 23... Kh8 $19 24. Kf2 {[%emt 0:00:30] [#] Rh1+ would kill now.} Rg6 $2 (24... Bxe4 $1 $19 25. Nxe4 Nxe4+ 26. Ke1 Qc1+ 27. Bd1 Rg3) 25. Rxe5 $2 {[%emt 0:06:30][%mdl 8192] [#]} (25. Rh1+ $11 Kg7 26. Rxg5 Rxg5 27. Qd6) 25... Rag8 $2 ({Better is} 25... Rf6+ $1 $19 26. Kg1 Rxf1+ 27. Bxf1 Rg8) 26. Rh1+ (26. Qd2 $15 Rf6+ 27. Ke1) 26... Kg7 $17 {[%emt 0:00:17] Threatens to win with ...Rh8.} 27. Rh5 {[%emt 0:01:30][%mdl 8192] Against Rh8. This costs White the game.} (27. Nd5 $17 Qb2 28. Qc3 Qxc3 29. Nxc3) 27... Ne6 28. Qd2 Kf8 {[%emt 0:00:59] White must now prevent ...Rg2+. The board is on fire.} 29. Bf3 {[%emt 0:07:14] Inhibits Rg2+.} Nd4 {[%emt 0:00:09] aiming for ...Nxf3.} 30. Rhg5 d6 $40 {[%emt 0:01:04][%mdl 128] Black attacks with force.} ({Stronger than} 30... Rxg5 31. Rxg5 Rxg5 32. Qxg5 $17) 31. Rxg6 Rxg6 ({Don't do} 31... fxg6 32. Qf4+ $18) 32. Rh5 (32. Rf5) 32... Rf6 $19 ({But not} 32... Nxf3 $2 33. Kxf3 Qb4 34. Kf2 $19) 33. Rh3 {[%emt 0:00:02] [#]} (33. Rh8+ $142 Ke7 34. Rh3) 33... Bxe4 $1 34. Qg5 (34. Kg2 Bxf3+) 34... Qb2+ {[%emt 0:00:39] Weighted Error Value: White=1.02/Black=0.29 (precise)} 0-1

[Event "German Bundesliga 2022-23"]
[Site "Germany"]
[Date "2002.01.09"]
[Round "4"]
[White "Popovic, Dusan"]
[Black "Vrolijk, Liam"]
[Result "1/2-1/2"]
[ECO "C44"]
[WhiteElo "2494"]
[BlackElo "2491"]
[Annotator "TA"]
[PlyCount "60"]
[EventDate "2022.10.21"]
[EventType "team-tourn"]
[EventCountry "GER"]
[SourceTitle "playchess.com"]
[Source "ChessBase"]
[SourceQuality "1"]
[TimeControl "40/6000+30:3000+30"]

1. e4 e5 2. Nf3 Nc6 3. g3 d5 4. exd5 Qxd5 5. Nc3 {[%emt 0:01:30] [#]} Qd6 $146 ({Predecessor:} 5... Qd8 6. h3 a6 7. Bc4 Bc5 8. Qe2 Qf6 9. Nd5 Qd6 10. O-O Nf6 11. Nxf6+ Qxf6 12. d3 O-O 13. Be3 Bxe3 14. fxe3 Qd6 15. Ng5 Be6 16. Qh5 Nd8 17. Qxh7# {1-0 (17) McStraw,R (1186)-Hart,J (1277) Columbus 1997}) 6. Bg2 {[%emt 0:00:30] C44: Ponziani Opening and Scotch Gambit.} Bg4 7. h3 Bh5 8. g4 Bg6 9. Nh4 O-O-O 10. d3 Nd4 {[%emt 0:06:30] Inhibits Qf3.} 11. Be3 Ne7 12. Ne4 Bxe4 13. Bxe4 Nd5 (13... g6 $5) 14. c3 {[%emt 0:20:00] Prevents Qb4.} Nxe3 15. fxe3 Be7 (15... Ne6 {with more complications.} 16. Qa4 Qb6 17. O-O-O Qxe3+ 18. Kb1 Kb8) 16. Nf5 Nxf5 17. Bxf5+ Kb8 18. Qf3 (18. Qb3 {keeps more tension.} Bh4+ 19. Ke2 c6 20. Raf1) 18... Bh4+ (18... g6 $5 19. Be4 $8 Bh4+ 20. Kd1 Rd7 $11) 19. Kd2 {[%emt 0:03:30] The position is equal.} g6 (19... Qa6 {looks sharper.} 20. a4 h5 21. Be4 hxg4 22. hxg4 Qe6) 20. Be4 Rhf8 {[%emt 0:00:30][%cal Of7f5,Bh8f8,Bf8f3,Bf3e3][%mdl 32] [#] Threatens to win with ...f5!} 21. Kc2 f5 22. gxf5 gxf5 23. Bxf5 {[%emt 0:01:13] [#]} Qxd3+ $1 24. Bxd3 Rxf3 25. Raf1 Rxe3 26. Bxh7 Re2+ 27. Kb1 a5 {[%emt 0:00:30] Black wants to play ...Rdd2.} 28. Rd1 Rxd1+ 29. Rxd1 Re1 30. Rxe1 Bxe1 {[%emt 0:00:30] Weighted Error Value: White=0.04 (flawless) /Black=0.06 (flawless)} 1/2-1/2

[Event "German Bundesliga 2022-23"]
[Site "Germany"]
[Date "2002.01.09"]
[Round "4"]
[White "Watson, William N"]
[Black "Naumann, Alexander"]
[Result "1/2-1/2"]
[ECO "C78"]
[WhiteElo "2492"]
[BlackElo "2513"]
[Annotator "TA"]
[PlyCount "69"]
[EventDate "2022.10.21"]
[EventType "team-tourn"]
[EventCountry "GER"]
[SourceTitle "playchess.com"]
[Source "ChessBase"]
[SourceQuality "1"]
[TimeControl "40/6000+30:3000+30"]

1. e4 e5 2. Nf3 Nc6 3. Bb5 a6 4. Ba4 Nf6 5. O-O b5 6. Bb3 Bc5 7. c3 d6 8. d4 Bb6 9. h3 Bb7 10. Re1 h6 11. Be3 O-O 12. Nbd2 Re8 {[%emt 0:03:30] [#]} 13. a3 $146 {[%emt 0:28:30] C78: Ruy Lopez: Archangelsk and Möller Defences.} (13. d5 {deserves consideration.} Ne7 14. Bxb6 cxb6 15. Bc2) ({Predecessor:} 13. d5 Ne7 14. Bxb6 cxb6 15. a4 bxa4 16. Bxa4 b5 17. Bc2 Nd7 18. Nf1 Nb6 19. Ne3 Rf8 20. Nh4 Nexd5 21. Nhf5 Nxe3 22. Rxe3 {½-½ (32) Hamarat,T (2595)-Geenen,M (2575) Yugoslavia 1998}) 13... exd4 $11 14. cxd4 Na5 15. Bc2 Nxe4 16. Nxe4 Bxe4 17. Bxh6 Bxc2 $19 18. Qxc2 {[%emt 0:00:30][%cal Of3g5] [#] Strongly threatening Ng5!} Qf6 {[%emt 0:35:30] Prevents Ng5.} ({Not} 18... Rxe1+ 19. Rxe1 gxh6 20. Qf5 $11) (18... gxh6 $19 19. Qf5 Nc6 20. Rxe8+ Qxe8) 19. Bg5 {[%emt 0:03:30] The position is equal.} Qg6 20. Qxg6 fxg6 21. Kf1 Nb3 22. Rad1 Rxe1+ 23. Kxe1 Re8+ 24. Kf1 a5 25. d5 a4 26. Bd2 Nxd2+ 27. Rxd2 $11 {[%emt 0:01:45][%mdl 4096] Endgame KRB-KRN} Re4 28. Re2 Rc4 29. g3 Rc1+ 30. Kg2 Rd1 31. Ng5 {[%emt 0:00:47][%cal Re2e8] [#]} Kf8 {[%emt 0:00:07] Prevents Re8+.} 32. Ne6+ Kf7 33. Ng5+ Kf8 $1 ({But not} 33... Kf6 34. f4 Rxd5 35. Re6+ Kf5 36. Re4 $16) 34. Ne6+ Kf7 35. Ng5+ {[%emt 0:00:49] Weighted Error Value: White=0.12 (very precise) /Black=0.11 (very precise)} 1/2-1/2

[Event "German Bundesliga 2022-23"]
[Site "Germany"]
[Date "2002.01.09"]
[Round "4"]
[White "Sedlak, Nikola"]
[Black "Nguyen, Thai Dai Van"]
[Result "1/2-1/2"]
[ECO "D02"]
[WhiteElo "2482"]
[BlackElo "2645"]
[Annotator "TA"]
[PlyCount "41"]
[EventDate "2022.10.21"]
[EventType "team-tourn"]
[EventCountry "GER"]
[SourceTitle "playchess.com"]
[Source "ChessBase"]
[SourceQuality "1"]
[TimeControl "40/6000+30:3000+30"]

1. d4 Nf6 2. Nf3 d5 3. Bf4 c5 4. e3 e6 5. Nbd2 Qb6 6. Rb1 {[%emt 0:00:30] [#] D02: 1 d4 d5 2 Nf3 sidelines, including 2...Nf6 3 g3 and 2...Nf6 3 Bf4.} Bd6 $146 ({Predecessor:} 6... Nc6 7. c3 Be7 8. h3 Bd7 9. Bd3 O-O 10. O-O Rfc8 11. Bg5 h6 12. Bh4 Be8 13. Ne5 Nd7 14. Bxe7 Nxe7 15. f4 {1-0 (44) Gochelashvili,D (2328)-Kutuzov,D (2226) Rybinsk 2001}) 7. dxc5 Qxc5 8. b4 Qc7 9. Bxd6 Qxd6 10. c4 O-O 11. Be2 b6 12. O-O a5 13. bxa5 Rxa5 14. cxd5 Qxd5 15. Rxb6 {[%emt 0:02:30] The position is equal.} Ba6 $1 16. Bxa6 Nxa6 17. Rb2 Rxa2 18. Rxa2 Qxa2 19. Qa1 Qxa1 20. Rxa1 Nc7 21. Kf1 {[%emt 0:00:00] An interesting draw.   Weighted Error Value: White=0.03 (flawless) /Black=0.01 (flawless)} 1/2-1/2

[Event "German Bundesliga 2022-23"]
[Site "Germany"]
[Date "2002.01.09"]
[Round "4"]
[White "Zelbel, Patrick"]
[Black "Dudin, Gleb"]
[Result "1-0"]
[ECO "C45"]
[WhiteElo "2456"]
[BlackElo "2489"]
[Annotator "TA"]
[PlyCount "117"]
[EventDate "2022.10.21"]
[EventType "team-tourn"]
[EventCountry "GER"]
[SourceTitle "playchess.com"]
[Source "ChessBase"]
[SourceQuality "1"]
[TimeControl "40/6000+30:3000+30"]

1. e4 e5 2. Nf3 Nc6 3. d4 exd4 4. Nxd4 Bc5 5. Nb3 Bb6 6. Nc3 d6 7. Bf4 {[%emt 0:01:00] C45: Scotch Game.} Nge7 8. Qd2 a5 9. Bb5 {[%emt 0:08:30] Prevents a4. White is slightly better.} O-O 10. O-O-O Be6 {[%emt 0:04:30] [#]} 11. h4 $146 ({Predecessor:} 11. Na4 Ba7 12. Be3 Bxe3 13. Qxe3 Na7 14. Be2 Qe8 15. Nc3 b5 16. Nd5 Bxd5 17. exd5 {1-0 (34) Gobet,F (2350)-Geller,E (2505) Bern 1988}) 11... Na7 12. Ba4 Ng6 ({Black should play} 12... Nac6) 13. Bg5 $16 f6 14. Be3 {[%emt 0:00:30] Bxb6 is the strong threat.} Bxe3 15. Qxe3 Ne5 16. Nxa5 b5 17. Bb3 (17. Bxb5 $2 {is the wrong capture.} Nxb5 18. Nxb5 Rxa5 $19) 17... Qd7 18. Qe2 {[%emt 0:07:30] Inhibits Nc4.} (18. Qh3 $142 f5 19. exf5 Bxb3 20. Nxb3 (20. axb3 Rxf5 21. Nd5 Nc8 $14)) 18... c6 (18... c5 $142) 19. Bxe6+ (19. f4 $142) 19... Nf7 (19... Qxe6 $16 20. a3 Nc8) 20. a3 $2 (20. Bxd7 Ne5 21. Be6+ Kh8 22. f4) 20... Qxe6 $18 21. f4 Rfb8 22. Nb3 Nc8 23. Nd4 Qe8 24. Qg4 {[%emt 0:01:56] Strongly threatening Ne6.} Nh6 25. Qe6+ Qxe6 26. Nxe6 Ng4 {[%emt 0:00:40] [#]} 27. Rhe1 $1 {[%emt 0:00:35] White is much more active. The black rooks are badly placed.} b4 28. axb4 Rxb4 29. b3 Ra7 30. Kb2 Re7 31. Nd4 Rc7 32. Nf5 Rd7 33. Rd4 {[%emt 0:00:31] Prevents g6.} Rb8 (33... Rxd4 $16 34. Nxd4 Ne7) 34. g3 (34. e5 $18) 34... g6 $16 35. Ne3 Nxe3 36. Rxe3 Re7 37. Re2 Kf7 38. Rc4 Rb6 39. Ra4 Ra7 40. Rd2 {[%emt 0:00:45] And now Rxa7+ would win.} Ke6 (40... Rxa4 $16 41. Nxa4 Rb8) 41. Rdd4 (41. f5+ $18 Ke7 42. Rxa7+ Nxa7 43. g4) 41... f5 (41... Rbb7 $142) 42. Rxa7 Nxa7 {[%emt 0:00:30][%mdl 4096] Endgame KRN-KRN} 43. Ra4 (43. Na4 $142 Rb5 44. c4) 43... Rb7 44. Kc1 Rc7 45. Kd2 fxe4 (45... Nb5 $142) 46. Nxe4 ({Don't take} 46. Rxe4+ Kf5 47. Ke3 Kg4 $16) 46... Nb5 {[%emt 0:00:30] [#]} (46... h5 $16 {was necessary.} 47. c4 d5) 47. g4 $1 $18 d5 (47... h6 $142 48. Ra8 Kf7) 48. Ng5+ Kd6 49. Ra8 {[%emt 0:01:30] Against Rc8} h6 50. Nh3 {[%emt 0:05:46] Threatens to win with Rg8.} Nd4 (50... Ke7 {was called for.} 51. Rh8 Kf7 52. Rxh6 Kg7) 51. Rh8 h5 52. gxh5 gxh5 53. Rxh5 Re7 54. Kd3 Ne2 (54... Re4 55. Rg5 Ne6) 55. Rh6+ {[%emt 0:01:27] White is clearly winning.} Kc5 56. f5 Ng3 57. f6 Re1 58. f7 Rf1 {[%emt 0:01:07] Prevents f8Q+.} 59. Ng5 {Weighted Error Value: White=0.28 (precise) /Black=0.34} 1-0

[Event "German Bundesliga 2022-23"]
[Site "Germany"]
[Date "2002.01.09"]
[Round "4"]
[White "Stojanovic, Dalibor"]
[Black "Dardha, Daniel"]
[Result "1/2-1/2"]
[ECO "B15"]
[WhiteElo "2446"]
[BlackElo "2609"]
[Annotator "TA"]
[PlyCount "160"]
[EventDate "2022.10.21"]
[EventType "team-tourn"]
[EventCountry "GER"]
[SourceTitle "playchess.com"]
[Source "ChessBase"]
[SourceQuality "1"]
[TimeControl "40/6000+30:3000+30"]

1. e4 c6 2. d4 d5 3. Nd2 dxe4 4. Nxe4 Nf6 5. Nxf6+ exf6 6. Be3 Bd6 {[%emt 0:03:30] B15: Caro-Kann: 3 Nc3: 3...g6 and 3...dxe4 4 Nxe4 Nf6 5 Nxf6+ exf6.} 7. Bd3 Na6 8. a3 {[%emt 0:04:30] Against Nb4} O-O 9. Ne2 {[%emt 0:01:30] [#]} Nc7 $146 ({Predecessor:} 9... Qc7 10. c4 c5 11. d5 Re8 12. Qd2 Bd7 13. h3 Qc8 14. Qc2 h6 15. O-O Nc7 {1-0 (41) Toewe,W-Traeger,S Germany 1992}) 10. c4 Re8 11. O-O Be6 12. Nf4 g6 13. Qf3 f5 14. Rad1 Qf6 15. b4 Rad8 16. b5 cxb5 (16... Bxa3 17. bxc6 bxc6 18. Qxc6 $16) 17. c5 Bxf4 18. Bxf4 Rxd4 19. Qg3 {[%emt 0:06:30] [#] And now Bg5 would win.} ({Much worse is} 19. Bxc7 Bd5 20. Qh3 Rh4 21. Bxb5 (21. Qg3 Rg4 $17) 21... Rxh3 22. Bxe8 Bc4 $17) 19... Rxf4 20. Qxf4 Nd5 21. Qd2 a6 22. Rfe1 Rc8 23. Rc1 {[%emt 0:03:30] Inhibits Nc3.} Qd4 24. Red1 Kg7 ({Better is} 24... Rxc5 $17 {next ...b6 is good for Black.} 25. Rxc5 Qxc5) 25. Be2 {[%emt 0:01:30] Against b6} (25. Qe1 $11 Qb2 26. Be2) 25... Qxd2 $15 26. Rxd2 Nb6 $1 27. Bf3 Nc4 28. Rd4 ({White should try} 28. Rdd1 $11) 28... Rc7 29. a4 Kf6 (29... bxa4 $17 30. Rcxc4 Bxc4 31. Rxc4 b5) 30. axb5 $11 axb5 31. Rb1 Rxc5 32. Bxb7 Ke7 33. h3 g5 34. Ba6 Nd6 35. Rxd6 Kxd6 $17 36. Bxb5 $11 {[%emt 0:00:02][%mdl 4096] Endgame KRB-KRB} h5 37. f3 h4 38. Be2 Rc2 39. Kf1 Ra2 40. Rb8 Ra1+ 41. Kf2 Ra2 {[%emt 0:00:35] Hoping for ...Bc4.} 42. Kf1 $1 Ra4 43. Rb2 Kc5 44. Kf2 Kd4 45. Rd2+ {[%emt 0:00:00] [#]} Ke5 $1 46. Rb2 Bd5 47. Bd1 Ra3 48. Be2 f6 49. Rd2 Rc3 50. Rb2 Kd4 51. Rd2+ Ke5 52. Rb2 $1 Bb3 53. Rd2 Ba4 54. Rb2 Bc6 55. Ra2 f4 56. Rb2 f5 57. Ra2 Bb7 58. Bf1 Bd5 59. Rb2 Ra3 60. Be2 Bc6 (60... Ra1 $17 61. Bb5 Be6 62. Re2+ Kf6) 61. Rc2 Bd7 62. Rb2 ({White should play} 62. Bb5 $15 Be6 63. Bc4) 62... Rc3 $17 63. Ra2 Be6 64. Rb2 Bd5 (64... Kf6 $17 65. Rb6 Ke5 66. Rb5+ Kd6) 65. Rd2 (65. Bf1 $1 $11) 65... g4 (65... Bf7 $17 66. Rb2 Bb3) 66. hxg4 fxg4 67. fxg4 Rg3 68. Bf1 Rxg4 69. Rb2 Rg3 70. Rb8 f3 (70... Rg8 {simplifies} 71. Rxg8 Bxg8 72. Be2 Be6) 71. gxf3 {[%emt 0:00:00] The position is equal.} Rxf3+ 72. Kg1 h3 73. Rb2 $1 {[%emt 0:00:00] Against h2+} Be4 74. Rf2 Rc3 75. Kh2 Bf5 76. Ba6 Kf6 77. Bb7 Kg5 78. Bd5 Rc7 79. Ba8 Rc2 80. Rxc2 Bxc2 {[%emt 0:00:03] Whites escaped into a draw.   Weighted Error Value: White=0.12 (very precise) /Black=0.12 (very precise)} 1/2-1/2